 Dungeon Sprint DCSS version 0.30.1-4-g462c640d31 (webtiles) character file.

Game seed: 6361578844845153049

9467 Heoruswealwe the Sorcerer (level 11, -8/54 HPs)
             Began as a Deep Elf Conjurer on Sept 9, 2023.
             Was the Champion of Vehumet.
             Killed by an exploding ball lightning (26 damage)
             ... in the Dungeon (Sprint I: "Red Sonja").
             The game lasted 00:34:30 (1700 turns).

Heoruswealwe the Sorcerer (Deep Elf Conjurer)       Turns: 1700, Time: 00:34:30

Health: -8/54      AC:  2    Str:  4    XL:     11   Next: 23%
Magic:  41/41      EV: 12    Int: 28    God:    Vehumet [******]
Gold:   53         SH:  0    Dex: 13    Spells: 25/59 levels left

rFire   . . .        a - staff of conjuration
rCold   . . .        (no shield)
rNeg    . . .        c - +0 robe
rPois   +            (no helmet)
rElec   .            (no cloak)
rCorr   .            (no gloves)
SInv    +            (no boots)
Will    +....        (no amulet)
Stlth   ++           k - ring "Hebuga" {rPois SInv}
HPRegen 0.29/turn    (no ring)
MPRegen 0.27/turn

%: no teleportation
@: brilliant, hasted, very quick
A: no striking features
a: Renounce Religion


You were in the Dungeon.
You worshipped Vehumet.
Vehumet was exalted by your worship.
You visited 1 branch You collected 2406 gold pieces.
You spent 2317 gold pieces at shops.
You donated 36 gold pieces to Zin.

Inventory:

Hand Weapons
 b - a +0 scythe
Armour
 c - a +0 robe (worn)
Magical Staves
 a - a staff of conjuration (weapon)
Jewellery
 k - the ring "Hebuga" (left hand) {rPois SInv}
   (You bought it in a shop in the Dungeon)

   [ring of poison resistance]

   rPois:     It protects you from poison.
   SInv:      It lets you see invisible.
Wands
 e - a wand of digging (6)
Scrolls
 h - 2 scrolls of identify
 l - a scroll of enchant weapon
Potions
 d - a potion of brilliance
 f - 2 potions of curing
 g - a potion of haste
 i - a potion of mutation
 o - 3 potions of magic


   Skills:
 - Level 2.4 Dodging
 - Level 2.4 Stealth
 + Level 24.5 Spellcasting
 + Level 21.3 Conjurations


You had 25 spell levels left.
You knew the following spells:

 Your Spells              Type           Power      Damage    Failure   Level
a - Magic Dart            Conj           100%       1d8       0%          1
b - Searing Ray           Conj           100%       2d8       0%          2
c - Static Discharge      Conj/Air       100%       2-7/arc   0%          2
d - Dazzling Flash        Conj/Hex       100%       N/A       1%          3
e - Stone Arrow           Conj/Erth      100%       3d13      1%          3
f - Mephitic Cloud        Conj/Pois/Air  100%       N/A       1%          3
g - Iskenderun's Mystic   Conj/Tloc      100%       2d19      1%          4
h - Fulminant Prism       Conj/Hex       59%        3d25      1%          4
i - Starburst             Conj/Fire      59%        6d16      1%          6
j - Conjure Ball Lightni  Conj/Air       59%        3x3d21    1%          6

Your spell library contained the following spells:

 Spells                   Type           Power      Damage    Failure   Level
 Irradiate                Conj/Tmut      59%        3d31      1%          5
 Sandblast                Erth           100%       2d20      1%          1
 Passwall                 Tmut/Erth      42%        N/A       1%          2
 Volatile Blastmotes      Fire/Tloc      100%       2d18      1%          3
 Ozocubu's Armour         Ice            51%        N/A       2%          3
 Tukima's Dance           Hex            51%        N/A       2%          3
 Yara's Violent Unravell  Hex/Tmut       25%        3d11      7%          5
 Passage of Golubria      Tloc           51%        N/A       9%          4
 Metabolic Englaciation   Hex/Ice        25%        N/A       26%         5
 Simulacrum               Ice/Necr       25%        N/A       80%         6


Dungeon Overview and Level Annotations

Branches:
Dungeon (1/1)

Altars:
Cheibriados
Dithmenos
Elyvilon
Fedhas
Gozag
Hepliaklqana
Kikubaaqudgha
Makhleb
Nemelex Xobeh
Okawaru
Qazlal
Ru
Sif Muna
Trog
Uskayaw
Vehumet
Wu Jian
Xom
Yredelemnul
Zin
The Shining One
Jiyva
Lugonu

Shops:
D (!(*:([[=?!:??[:*?[[=


Message History

Confirm with . or Enter, or press ? or * to list all spells.
You feel a strong surge of power!
You create some ball lightning! 3 ball lightnings come into view.
The demonic crawler hits your ball lightning.
The demonic crawler barely misses your ball lightning.
The demonic crawler hits your ball lightning.
The demonic crawler hits your ball lightning!
The demonic crawler hits your ball lightning!!
Your ball lightning explodes!
The blast of lightning engulfs you!!!
Ouch! That really hurt!
* * * LOW HITPOINT WARNING * * *
The blast of lightning engulfs your ball lightning.
Your ball lightning completely resists.
Your ball lightning is moderately damaged.
The blast of lightning engulfs the demonic crawler!!!
The demonic crawler is almost dead.
The blast of lightning engulfs the demonic crawler!!
You kill the demonic crawler!
Vehumet accepts your kill.
Vehumet offers you knowledge of Irradiate.
You feel your power returning.
The blast of lightning engulfs the demonic crawler!!
You kill the demonic crawler!
Vehumet accepts your kill.
You feel your power returning.
The blast of lightning engulfs the demonic crawler!!
The demonic crawler is heavily wounded.
The blast of lightning engulfs your ball lightning.
Your ball lightning completely resists.
You feel better.
Your ball lightning explodes!
The blast of lightning engulfs the demonic crawler!!!
You kill the demonic crawler!
Vehumet accepts your kill.
The blast of lightning engulfs the demonic crawler!!
You kill the demonic crawler!
Vehumet accepts your kill.
You feel your power returning. The blast of lightning engulfs you!!
You die...

#####################
.'..#..'..#__#..@†††#
.#..').#..'..'*)#...##+#
###'#####'#__####.†.'..#
##..#...#.####§§#####..+
_####..##.#§§§§§#..# ##
____##'#_.+~~§§§+..#
.∩...'..._#~~§§§#..#
..__##_.#'##+#####'###
____###'#.#())=###.+.#


You could see a friendly ball lightning.

Vanquished Creatures
  2 centaur warriors (D)
  Sonja (D)
  A deep troll (D)
  An oklob plant (D)
  8 shining eyes (D)
  4 demonic crawlers (D)
  2 unseen horrors (D)
  2 kobold demonologists (D)
  A hornet (D)
  A slime creature (D)
  Sigmund (D)
  A yak (D)
  2 redbacks (D)
  6 floating eyes (D)
  An ogre (D)
  7 necrophages (D)
  8 jellies (D)
  Ijyb (D)
  A ballistomycete spore (D)
51 creatures vanquished.

Vanquished Creatures (others)
  2 ball lightnings (D)
  A ballistomycete spore (D)
  5 fulminant prisms (D)
8 creatures vanquished.

Grand Total: 59 creatures vanquished

Notes
Turn   | Place    | Note
-------+----------+-------------------------------------------
     0 | D        | Heoruswealwe the Deep Elf Conjurer began the quest for the
                  | Orb.
     0 | D        | Reached XP level 1. HP: 10/10 MP: 6/6
     1 | D        | Noticed Ijyb
    18 | D        | Killed Ijyb
    19 | D        | Reached skill level 6 in Spellcasting
    19 | D        | Reached XP level 2. HP: 13/15 MP: 7/11
    66 | D        | Noticed an ogre
    71 | D        | Learned a level 2 spell: Searing Ray
    79 | D        | Killed an ogre
    80 | D        | Reached skill level 9 in Spellcasting
    80 | D        | Reached XP level 3. HP: 19/19 MP: 5/15
    80 | D        | Reached XP level 4. HP: 24/24 MP: 5/17
   155 | D        | Noticed Sigmund
   158 | D        | Killed Sigmund
   159 | D        | Reached skill level 11 in Spellcasting
   159 | D        | Reached skill level 10 in Conjurations
   159 | D        | Reached XP level 5. HP: 17/28 MP: 14/21
   163 | D        | Learned a level 3 spell: Dazzling Flash
   168 | D        | Learned a level 4 spell: Fulminant Prism
   173 | D        | Learned a level 4 spell: Iskenderun's Mystic Blast
   214 | D        | Found an ornate altar of the Wu Jian Council.
   214 | D        | Found a shimmering blue altar of Sif Muna.
   216 | D        | Found a radiant altar of Vehumet.
   219 | D        | Reached skill level 12 in Spellcasting
   219 | D        | Reached XP level 6. HP: 32/32 MP: 19/23
   246 | D        | Found Odwug's General Store.
   246 | D        | Found an ancient bone altar of Kikubaaqudgha.
   246 | D        | Found a hazy altar of Hepliaklqana.
   246 | D        | Found a stormy altar of Qazlal.
   246 | D        | Found a hide-covered altar of Uskayaw.
   246 | D        | Found a blossoming altar of Fedhas.
   246 | D        | Found a bloodstained altar of Trog.
   246 | D        | Found an iron altar of Okawaru.
   246 | D        | Found a basalt altar of Yredelemnul.
   246 | D        | Found a glowing golden altar of the Shining One.
   246 | D        | Found a snail-covered altar of Cheibriados.
   246 | D        | Found a sacrificial altar of Ru.
   246 | D        | Found a glowing silver altar of Zin.
   246 | D        | Found a shadowy altar of Dithmenos.
   246 | D        | Found a white marble altar of Elyvilon.
   246 | D        | Noticed a yak
   256 | D        | Killed a yak
   257 | D        | Reached skill level 13 in Spellcasting
   259 | D        | Found an opulent altar of Gozag.
   260 | D        | Found a sparkling altar of Nemelex Xobeh.
   367 | D        | Became a worshipper of Zin the Law-Giver
   367 | D        | Reached * piety under Zin
   367 | D        | Reached ** piety under Zin
   367 | D        | Reached *** piety under Zin
   367 | D        | Reached **** piety under Zin
   367 | D        | Reached ***** piety under Zin
   367 | D        | Reached ****** piety under Zin
   376 | D        | Noticed Sonja
   382 | D        | Killed Sonja
   383 | D        | Reached skill level 15 in Spellcasting
   383 | D        | Reached XP level 7. HP: 36/36 MP: 18/28
   406 | D        | Bought the ring "Hebuga" {rPois SInv} for 343 gold pieces
   418 | D        | Found Duebum's Weapon Boutique.
   432 | D        | Noticed a shining eye
   432 | D        | Noticed a shining eye
   432 | D        | Noticed a shining eye
   436 | D        | Paralysed by a floating eye for 3 turns
   440 | D        | Paralysed by a floating eye for 2 turns
   443 | D        | Reached skill level 16 in Spellcasting
   443 | D        | Reached XP level 8. HP: 41/41 MP: 30/30
   461 | D        | Killed a shining eye
   462 | D        | Reached skill level 17 in Spellcasting
   462 | D        | Reached skill level 15 in Conjurations
   475 | D        | Killed a shining eye
   476 | D        | Reached skill level 18 in Spellcasting
   477 | D        | Noticed a shining eye
   477 | D        | Noticed a shining eye
   477 | D        | Noticed a shining eye
   483 | D        | Reached XP level 9. HP: 45/45 MP: 33/33
   497 | D        | Killed a shining eye
   498 | D        | Reached skill level 19 in Spellcasting
   509 | D        | Killed a shining eye
   512 | D        | Noticed a shining eye
   512 | D        | Noticed a shining eye
   531 | D        | Killed a shining eye
   532 | D        | Reached skill level 20 in Spellcasting
   554 | D        | Killed a shining eye
   570 | D        | Killed a shining eye
   591 | D        | Killed a shining eye
   592 | D        | Reached skill level 21 in Spellcasting
   592 | D        | Reached XP level 10. HP: 50/50 MP: 35/37
   595 | D        | Paralysed by a floating eye for 3 turns
   618 | D        | Fell from the grace of Zin
   618 | D        | Became a worshipper of Vehumet
   691 | D        | Noticed a deep troll
   700 | D        | Killed a deep troll
   713 | D        | Found Deqiosoo's Armour Emporium.
   791 | D        | Found Ikkips's Distillery.
   791 | D        | Found Suat's Book Shop.
   791 | D        | Found Weev's Weapon Emporium.
   791 | D        | Found Hoarrik's Antique Weapon Boutique.
   855 | D        | Found a burning altar of Makhleb.
   855 | D        | Found a viscous altar of Jiyva.
   855 | D        | Found a shimmering altar of Xom.
   855 | D        | Found a corrupted altar of Lugonu.
   907 | D        | Reached * piety under Vehumet
   907 | D        | Offered knowledge of Sandblast by Vehumet.
   909 | D        | Reached skill level 22 in Spellcasting
   975 | D        | Noticed a centaur warrior
   976 | D        | Noticed a centaur warrior
   985 | D        | Killed a centaur warrior
   985 | D        | Reached ** piety under Vehumet
   988 | D        | Killed a centaur warrior
   989 | D        | Reached skill level 23 in Spellcasting
  1105 | D        | Offered knowledge of Static Discharge by Vehumet.
  1109 | D        | Learned a level 2 spell: Static Discharge
  1143 | D        | Noticed an oklob plant
  1251 | D        | Killed an oklob plant
  1251 | D        | Offered knowledge of Scorch by Vehumet.
  1334 | D        | Reached *** piety under Vehumet
  1384 | D        | Offered knowledge of Airstrike by Vehumet.
  1385 | D        | Reached XP level 11. HP: 52/54 MP: 31/40
  1427 | D        | Reached **** piety under Vehumet
  1429 | D        | Reached ***** piety under Vehumet
  1432 | D        | Reached skill level 24 in Spellcasting
  1513 | D        | Found Lylauwn's Magic Scroll Boutique.
  1513 | D        | Found Kekoefiy's Jewellery Emporium.
  1513 | D        | Found Ipluvvef's Armour Emporium.
  1515 | D        | Found Odowesub's Assorted Antiques.
  1515 | D        | Found Juiwayfa's Book Shoppe.
  1515 | D        | Found Zudgh's Antique Armour Shop.
  1515 | D        | Found Demmoyfy's Magic Scroll Emporium.
  1515 | D        | Found Noacuo's Magic Scroll Boutique.
  1515 | D        | Found Muusupp's Book Shoppe.
  1515 | D        | Found Alynul's Distillery.
  1519 | D        | Found Dumepn's Magic Scroll Emporium.
  1520 | D        | Bought a scroll labelled POIXKU EFEHURPH for 27 gold pieces
  1520 | D        | Bought a scroll labelled GIRIXO GILANU for 27 gold pieces
  1520 | D        | Bought a scroll labelled POIXKU EFEHURPH for 27 gold pieces
  1520 | D        | Bought a lumpy jade amulet for 135 gold pieces
  1520 | D        | Bought an inky potion for 24 gold pieces
  1520 | D        | Found Usoll's Jewellery Boutique.
  1520 | D        | Found Turib's Armour Shoppe.
  1521 | D        | Found Kaihoqen's Antique Armour Shop.
  1536 | D        | Bought a scroll of acquirement for 624 gold pieces
  1544 | D        | Acquired a staff of conjuration
  1558 | D        | Bought a scroll of identify for 22 gold pieces
  1558 | D        | Bought a scroll of identify for 22 gold pieces
  1558 | D        | Bought a scroll of identify for 22 gold pieces
  1558 | D        | Bought a scroll of identify for 22 gold pieces
  1583 | D        | Bought a book of Spectacle for 400 gold pieces
  1598 | D        | Learned a level 6 spell: Starburst
  1606 | D        | Bought a book of Geomancy for 180 gold pieces
  1616 | D        | Learned a level 3 spell: Stone Arrow
  1645 | D        | Bought the Grimoire of Terra Firma and Injury for 442 gold
                  | pieces
  1651 | D        | Learned a level 3 spell: Mephitic Cloud
  1658 | D        | Learned a level 6 spell: Conjure Ball Lightning
  1699 | D        | Offered knowledge of Irradiate by Vehumet.
  1699 | D        | Reached ****** piety under Vehumet
  1700 | D        | Killed by an exploding ball lightning

Illustrated notes

Levels and vault maps discovered:
D:        dungeon_sprint_1 [red_sonja_temple_1, red_sonja_temple_small_1]

Skill      XL: |  1  2  3  4  5  6  7  8  9 10 11 |
---------------+----------------------------------+-----
Spellcasting   | 6 9 11 12 15 16 18 21 23 24 | 24.5
Conjurations   | 6 8 10 14 16 18 20 21 | 21.3
Dodging        | |  2.4
Stealth        | |  2.4

Action                     |  1- 3 |  4- 6 |  7- 9 | 10-12 || total
---------------------------+-------+-------+-------+-------++-------
  Melee: Unarmed           |    14 |       |       |       ||    14
         Halberd           |       |       |   133 |     8 ||   141
   Cast: Magic Dart        |     2 |       |       |     2 ||     4
         Searing Ray       |     1 |     4 |       |     7 ||    12
         Iskenderun's Myst |       |     4 |       |    32 ||    36
         Fulminant Prism   |       |     2 |       |     3 ||     5
         Dazzling Flash    |       |       |       |     1 ||     1
         Conjure Ball Ligh |       |       |       |     1 ||     1
  Evoke: Wand              |     1 |       |       |     1 ||     2
    Use: Potion            |     2 |       |       |     4 ||     6
         Scroll            |     1 |       |       |     6 ||     7
  Dodge: Dodged            |     7 |       |       |     4 ||    11
